 Dungeon Crawl Stone Soup version 0.29-a0-582-ge82337ba6a (webtiles) character file.

Game seed: 11218469941005818150

191 HoaS the Bolt Thrower (level 6, -1/41 (44) HPs)
             Began as a Formicid Hunter on June 14, 2022.
             Succumbed to a scorpion's poison
             ... on level 4 of the Dungeon.
             The game lasted 00:06:50 (2762 turns).

HoaS the Bolt Thrower (Formicid Hunter)             Turns: 2762, Time: 00:06:50

HP:   -1/41 (44)    AC:  3    Str: 15    XL:     6   Next: 1%
MP:   6/6           EV: 10    Int: 12    God:
Gold: 108           SH:  8    Dex: 19    Spells: 5/5 levels left

rFire   + . .      SeeInvis +   a - +1 hand crossbow
rCold   . . .      Faith    .   m - +0 kite shield "Higukio" {rF+ Int+3}
rNeg    . . .      Spirit   .   b - +0 leather armour
rPois   .          Reflect  .   (helmet unavailable)
rElec   .          Harm     .   (no cloak)
rCorr   .          Rampage  .   (no gloves)
Will    .....                   (no boots)
Stlth   ++........              (no amulet)
HPRegen 0.13/turn               (no ring)
MPRegen 0.10/turn               (no ring)

@: lethally poisoned (-1 -> -8), drained
A: permanent stasis, dig shafts and tunnels, antennae 3, four strong arms
a: Dig, Shaft Self


You were on level 4 of the Dungeon.
You visited 1 branch of the dungeon, and saw 4 of its levels.

You collected 108 gold pieces.

Inventory:

Hand Weapons
 a - a +1 hand crossbow (weapon)
Armour
 b - a +0 leather armour (worn)
 d - a +1 scale mail
 m - the +0 kite shield "Higukio" (worn) {rF+ Int+3}
   (You found it on level 3 of the Dungeon)

   Int:       It affects your intelligence (+3).
   rF:        It protects you from fire.
Wands
 h - a wand of polymorph (6)
 p - a wand of mindburst (20)
Scrolls
 c - 2 scrolls of immolation
 f - a scroll of fear
 i - 2 scrolls of fog
 j - 2 scrolls of torment
Potions
 e - a potion of brilliance {unknown}
 g - a potion of magic {unknown}
 k - a potion of experience {unknown}
 l - a potion of lignification {unknown}
 n - a potion of resistance {unknown}
 o - 2 potions of heal wounds {unknown}
 r - a potion of attraction {unknown}


   Skills:
 - Level 2.1 Fighting
 * Level 6.6 Crossbows
 + Level 0.9 Armour
 - Level 1.7 Dodging
 - Level 1.2 Stealth
 + Level 1.0 Shields


You had 5 spell levels left.
You didn't know any spells.
Your spell library contained the following spells:

 Spells                   Type           Power      Damage    Failure   Level
 Apportation              Tloc           0%         N/A       71%         1
 Beastly Appendage        Tmut           0%         N/A       71%         1
 Necrotize                Necr           0%         1d4       71%         1
 Summon Small Mammal      Summ           0%         N/A       71%         1
 Wereblood                Tmut           0%         N/A       85%         2
 Gell's Gravitas          Tloc           0%         N/A       97%         3
 Lesser Beckoning         Tloc           0%         N/A       97%         3
 Spider Form              Tmut/Pois      0%         N/A       97%         3
 Teleport Other           Tloc           0%         N/A       97%         3


Dungeon Overview and Level Annotations

Branches:
Dungeon (4/15)
 Temple: D:4-7

Altars:


Innate Abilities, Weirdness & Mutations

You cannot be hasted, slowed, berserked, paralysed or teleported.
You can dig through walls and to a lower floor.
You have a pair of large antennae on your head. (SInv)
Your four strong arms can wield two-handed weapons with a shield.


Message History

You are too injured to fight recklessly!
You are too injured to fight recklessly!
You are too injured to fight recklessly!
You are too injured to fight recklessly!
Shoot: a) +1 hand crossbow
Press: ? - help, Q - select action, (/) - cycle Shift-Dir - straight line, f/p - scorpion
Aim: a scorpion (almost dead, 67% to hit)
You shoot a bolt. The bolt barely misses the scorpion.
The scorpion barely misses you. The scorpion stings you.
Shoot: a) +1 hand crossbow
Press: ? - help, Q - select action, (/) - cycle Shift-Dir - straight line, f/p - scorpion
Aim: a scorpion (almost dead, 67% to hit)
You shoot a bolt. The bolt barely misses the scorpion.
The scorpion stings you.
* * * LOW HITPOINT WARNING * * *
Shoot: a) +1 hand crossbow
Press: ? - help, Q - select action, (/) - cycle Shift-Dir - straight line, f/p - scorpion
Aim: a scorpion (almost dead, 67% to hit)
You shoot a bolt.
The bolt hits the scorpion but does no damage.
The scorpion is almost dead.
The scorpion barely misses you. The scorpion stings you.
* * * LOW HITPOINT WARNING * * *
You are lethally poisoned!
The scorpion poisons you!
Shoot: a) +1 hand crossbow
Press: ? - help, Q - select action, (/) - cycle Shift-Dir - straight line, f/p - scorpion
Aim: a scorpion (almost dead, 67% to hit)
You shoot a bolt. The bolt closely misses the scorpion.
* * * LOW HITPOINT WARNING * * *
You feel very sick. The scorpion stings you.
* * * LOW HITPOINT WARNING * * *
The scorpion misses you.
Shoot: a) +1 hand crossbow
Press: ? - help, Q - select action, (/) - cycle Shift-Dir - straight line, f/p - scorpion
Aim: a scorpion (almost dead, 67% to hit)
You shoot a bolt. The bolt hits the scorpion.
The scorpion is almost dead.
You die...

#### ###
#..####@##
##<..###s# {
###..#.#######
##..###.....
##.....# #
##..### {+.
###s.#
#..###....#
##.....s##...#


You could see a scorpion.

Vanquished Creatures
  An orc priest (D:2)
  A hound (D:4)
  4 adders (D:2)
  2 worms
  4 dart slugs
  4 orcs (D:3)
  6 bats
  5 endoplasms
  3 giant cockroaches
  8 hobgoblins
  2 jackals (D:1)
  3 quokkas
  5 ball pythons
  8 frilled lizards
  8 goblins
  6 kobolds
  10 rats
80 creatures vanquished.

Notes
Turn   | Place    | Note
-------+----------+-------------------------------------------
     0 | D:1      | HoaS the Formicid Hunter began the quest for the Orb.
     0 | D:1      | Reached XP level 1. HP: 16/16 MP: 1/1
    95 | D:1      | Reached XP level 2. HP: 22/22 MP: 2/2
   312 | D:1      | Reached XP level 3. HP: 27/27 MP: 3/3
   394 | D:1      | Reached skill level 5 in Crossbows
   996 | D:2      | Reached XP level 4. HP: 33/33 MP: 4/4
  1147 | D:2      | You fall into a shaft and drop 1 floor!
  1537 | D:2      | Reached skill level 6 in Crossbows
  1537 | D:2      | Reached XP level 5. HP: 33/38 MP: 5/5
  2134 | D:3      | Identified the +0 kite shield "Higukio" {rF+ Int+3}
  2219 | D:3      | Identified the +8 dagger of Integrity {drain, rElec rF+
                  | Dex-5 SInv}
  2577 | D:3      | Found a faded altar of an unknown god.
  2747 | D:4      | Reached skill level 1 in Shields
  2747 | D:4      | Reached XP level 6. HP: 35/41 MP: 6/6
  2761 | D:4      | HP: 2/41 [scorpion (4)]
  2762 | D:4      | Succumbed to a scorpion's poison

Illustrated notes

Levels and vault maps discovered:
D:1:      lemuel_arrival_room, layout_basic
D:2:      layout_basic, chequers_hall_statues_y
D:3:      layout_basic, hellmonk_ecumenical_altar_slurped_away, serial_rivers,
          chequers_serial_rivers_large_b, chequers_serial_rivers_small_b,
          chequers_serial_rivers_micro_d, chequers_serial_rivers_room_b,
          chequers_serial_rivers_room_a
D:4:      layout_rooms, saegor_snake_ambush, uniq_menkaure

Skill      XL: |  1  2  3  4  5 |
---------------+----------------+-----
Crossbows      | 5 6 |  6.6
Shields        | 1 |  1.0
Fighting       | |  2.1
Armour         | |  0.9
Dodging        | |  1.7
Stealth        | |  1.2

Action                   |  1- 3 |  4- 6 || total
-------------------------+-------+-------++-------
 Fire: Hand crossbow     |   101 |   128 ||   229
 Abil: Dig               |       |     2 ||     2
  Use: Scroll            |     3 |     6 ||     9
Armor: Leather armour    |     5 |    10 ||    15
Dodge: Dodged            |    15 |    26 ||    41
Block: Kite shield       |       |    21 ||    21

Table legend: (Time is in decaauts)
 A = Elapsed time spent in this place.
 B = Non-inter-level travel time spent in this place.
 C = Inter-level travel time spent in this place.
 D = Time resting spent in this place.
 E = Time spent auto-exploring this place.
 F = Levels seen in this place.
 G = Mean time per level.
                   A        B        C        D        E       F      G
               +--------+--------+--------+--------+--------+-----+--------+
         Total |   2882 |   2847 |     35 |    439 |   1858 |   4 |  720.5 |
       Dungeon |   2882 |   2847 |     35 |    439 |   1858 |   4 |  720.5 |
               +--------+--------+--------+--------+--------+-----+--------+

Top non-repeatable levels by time:
     D:2: 1068 daAuts
     D:3: 939 daAuts
     D:1: 813 daAuts
     D:4: 60 daAuts
